 Dungeon Crawl Stone Soup version 0.24.0-13-gcf9b3192b9 (webtiles) character file.

Game seed: 6722116791560994462, levelgen mode: deterministic

4316 Lanoc the Quickloader (level 10, -8/88 HPs)
             Began as a Grey Draconian Hunter on Nov 10, 2019.
             Was an Elder of Qazlal.
             Mangled by Gastronok (18 damage)
             ... on level 8 of the Dungeon.
             The game lasted 00:19:41 (8208 turns).

Lanoc the Quickloader (Grey Draconian Hunter)       Turns: 8208, Time: 00:19:42

Health: -8/88      AC: 14    Str: 20    XL:     10   Next: 11%
Magic:  14/14      EV: 16    Int: 12    God:    Qazlal [****..]
Gold:   471        SH:  5    Dex: 14    Spells: 9/9 levels left

rFire    + . .     SeeInvis +   a - +1 hand crossbow
rCold    + . .     Gourm    .   (no shield)
rNeg     . . .     Faith    +   (armour unavailable)
rPois    +         Spirit   .   (helmet restricted)
rElec    +         Reflect  .   C - +1 cloak
rCorr    +         Harm     .   (no gloves)
MR       +....                  (no boots)
Stlth    +.........             p - amulet of faith
HPRegen  0.24/turn              z - ring of see invisible
MPRegen  0.14/turn              G - ring of protection from magic

@: mighty, resistant, repel missiles
A: walk through water, unfitting armour, unbreathing, cold-blooded, AC +12
a: Upheaval, Elemental Force, Renounce Religion


You were on level 8 of the Dungeon.
You worshipped Qazlal.
Qazlal was greatly pleased with you.
You were very hungry.

You visited 2 branches of the dungeon, and saw 9 of its levels.
You also visited: Sewer.

You collected 471 gold pieces.

Inventory:

Hand Weapons
 a - a +1 hand crossbow (weapon)
 b - a +0 short sword
 q - a +4 arbalest
Missiles
 c - 24 bolts (quivered)
 f - 157 arrows
 y - 6 curare-tipped darts
Armour
 C - a +1 cloak (worn)
Jewellery
 p - an amulet of faith (around neck)
 w - a +5 amulet of reflection {unknown}
 x - an uncursed amulet of the gourmand {unknown}
 z - a ring of see invisible (left hand)
 G - a ring of protection from magic (right hand)
 I - an uncursed amulet of magic regeneration
 J - an uncursed ring of resist corrosion
Wands
 r - a wand of polymorph (9)
 s - a wand of acid (19)
Scrolls
 g - 3 scrolls of amnesia
 j - 3 scrolls of enchant armour
 k - 4 scrolls of teleportation
 l - 2 scrolls of remove curse
 u - 2 scrolls of blinking
 D - 2 scrolls of fear
 E - 2 scrolls of magic mapping
 H - a scroll of fog {unknown}
Potions
 e - 3 potions of heal wounds {unknown}
 h - 2 potions of agility {unknown}
 i - 2 potions of might
 m - 2 potions of resistance
 n - 11 potions of curing
 o - 3 potions of brilliance
 t - 3 potions of invisibility {unknown}
 v - 4 potions of magic
 A - 2 potions of haste
 B - 2 potions of flight
 F - a potion of ambrosia
Comestibles
 d - 21 rations


   Skills:
 + Level 7.7 Fighting
 * Level 9.6 Crossbows
 + Level 6.4 Dodging
 - Level 0.8 Stealth
 + Level 6.1 Invocations


You had 9 spell levels left.
You didn't know any spells.
Your spell library was empty.

Dungeon Overview and Level Annotations

Branches:
Dungeon (8/15)             Temple (1/1) D:4           Sewer (visited)
   Lair: D:8-11

Altars:
Ashenzari
Cheibriados
Kikubaaqudgha
Makhleb
Nemelex Xobeh
Okawaru
Qazlal
Ru
Sif Muna
Trog
Wu Jian
Xom
Yredelemnul

Shops:
D:4 (   D:5 [==[%

Annotations:
D:7 2 transporters, Zleub's ghost, novice MfSu
D:8 Gastronok


Innate Abilities, Weirdness & Mutations

You can walk through water.
Your dull iron-grey scales are very hard. (AC +12)
You cannot fit into any form of body armour.
You can survive without breathing.
You are cold-blooded and may be slowed by cold attacks.


Message History

You shoot a bolt. The bolt hits Gastronok.
Gastronok is heavily wounded.
The rat misses you.
Firing (i - inventory. (/) - cycle)
c - 25 bolts (quivered)
Press: ? - help, Shift-Dir - straight line, f/p - Gastronok
Aim: Gastronok, wearing the +3 hat of Pondering {ponderous, MR+ MP+10 Int+5} (heavily wounded, covering ground quickly)
You shoot a bolt.
The bolt hits Gastronok but does no damage.
Gastronok is heavily wounded.
Gastronok makes a strange noise.
Gastronok bites you!!!
* * * LOW HITPOINT WARNING * * *
The rat closely misses you.
It was a potion of might.
You feel very mighty all of a sudden. The rat misses you.
It was a potion of resistance.
You feel protected. Gastronok bites you!!
You die...

#..##..............#
#..#...............#
##<.##...............
#..####..............
##..# #..............
#<..## ##............#
##..§.####............#
#...)○.rr(.............
#...))@w#.(............
#....§..#####......[^..
#.....○§.## ##.........
#.........# ##........
#.........## ##...####
#..........# #####
#..........#
##.........#
#........##


You could see Gastronok, a quokka and a rat.

Vanquished Creatures
  An unseen horror (D:8)
  Pikel (D:4)
  2 hippogriffs
  Eustachio (D:5)
  A steam dragon (D:8)
  Menkaure (D:5)
  Edmund (D:4)
  A black bear (D:8)
  2 ice beasts
  2 slaves
  A sky beast (D:8)
  A centaur (D:8)
  5 ogres
  2 wyvern skeletons (D:8)
  A scorpion (D:4)
  4 wights
  3 howler monkeys (D:7)
  5 crimson imps
  A centaur zombie (D:8)
  A bullfrog zombie (D:3)
  2 orc priests (D:7)
  4 hounds
  2 jellies (D:8)
  6 orc wizards
  A centaur skeleton (D:4)
  A bullfrog skeleton (D:5)
  2 iguanas (D:4)
  Ijyb (D:5)
  Natasha (twice) (D:2)
  2 worker ants
  A mummy (D:4)
  A howler monkey zombie (D:5)
  4 gnolls (D:4)
  8 adders
  A shadow imp (D:8)
  4 oozes
  4 adder skeletons
  4 worms
  5 leopard geckos
  28 orcs
  5 ball pythons
  5 bats
  5 giant cockroaches
  3 goblins
  3 hobgoblins
  14 jackals
  6 quokkas
  8 frilled lizards
  2 hobgoblin zombies (D:4)
  A jackal skeleton (D:4)
  13 kobolds
  A kobold zombie (D:4)
  2 leopard gecko skeletons
  An orc zombie (D:4)
  7 rats
  3 plants (Sewer)
199 creatures vanquished.

Vanquished Creatures (others)
  A leopard gecko skeleton (D:4)
1 creature vanquished.

Grand Total: 200 creatures vanquished

Notes
Turn   | Place    | Note
-------+----------+-------------------------------------------
     0 | D:1      | Lanoc the Draconian Hunter began the quest for the Orb.
     0 | D:1      | Reached XP level 1. HP: 17/17 MP: 1/1
   161 | D:2      | Reached XP level 2. HP: 25/25 MP: 2/2
   200 | D:2      | Reached skill level 4 in Crossbows
   247 | D:2      | Reached XP level 3. HP: 26/30 MP: 3/3
   420 | D:2      | Noticed Natasha
   428 | D:2      | Killed Natasha
   592 | D:2      | Found an ancient bone altar of Kikubaaqudgha.
   617 | D:2      | Reached XP level 4. HP: 38/38 MP: 4/4
   760 | D:2      | Noticed Natasha
   766 | D:2      | Killed Natasha
  1138 | D:3      | Reached XP level 5. HP: 34/45 MP: 5/5
  1611 | D:3      | Reached skill level 5 in Crossbows
  2024 | D:4      | Reached XP level 6. HP: 35/52 MP: 6/6
  2335 | D:4      | Noticed a slave
  2335 | D:4      | Noticed a slave
  2357 | D:4      | Noticed a slave
  2389 | D:3      | Killed a slave
  2443 | D:4      | Found a staircase to the Ecumenical Temple.
  2453 | Temple   | Entered the Ecumenical Temple
  2458 | Temple   | Became a worshipper of Qazlal Stormbringer
  2795 | D:4      | Found Kurha's Antique Weapon Boutique.
  2887 | D:4      | Noticed Pikel
  2887 | D:4      | Noticed a slave
  2932 | D:4      | Killed a slave
  2934 | D:4      | Killed Pikel
  2934 | D:4      | Reached skill level 5 in Fighting
  2934 | D:4      | Reached skill level 6 in Crossbows
  2934 | D:4      | Your scales start taking on a dull iron-grey colour.
  2934 | D:4      | Reached XP level 7. HP: 21/61 MP: 6/8
  2934 | D:4      | Gained mutation: You can survive without breathing. [Grey
                  | Draconian growth]
  3147 | D:4      | Noticed Edmund
  3159 | D:4      | Killed Edmund
  3159 | D:4      | Reached XP level 8. HP: 34/68 MP: 8/10
  3654 | D:5      | Entered Level 5 of the Dungeon
  3674 | D:5      | Found Enuyposs's Armour Boutique.
  3678 | D:5      | Noticed Eustachio
  3691 | D:5      | Killed Eustachio
  3691 | D:5      | Reached skill level 7 in Crossbows
  3717 | D:5      | Noticed Menkaure
  3722 | D:5      | Noticed Ijyb
  3724 | D:5      | Killed Menkaure
  3730 | D:5      | Killed Ijyb
  3873 | D:5      | Reached * piety under Qazlal
  3881 | D:5      | Found Jaur Naj's Jewellery Emporium.
  3987 | D:5      | Found Sorph's Food Shoppe.
  4060 | D:5      | Found Ethic's Antique Armour Emporium.
  4167 | D:5      | Found Xeom Uhi's Jewellery Shop.
  4652 | D:6      | Found a shimmering blue altar of Sif Muna.
  4679 | D:5      | Reached skill level 5 in Dodging
  5032 | D:6      | Found a glowing drain.
  5045 | Sewer    | Entered a sewer
  5106 | Sewer    | Reached ** piety under Qazlal
  5854 | D:6      | Reached skill level 8 in Crossbows
  5859 | D:6      | Reached XP level 9. HP: 45/77 MP: 12/12
  6442 | D:7      | Reached *** piety under Qazlal
  6672 | D:7      | Found a transporter.
  6674 | D:7      | Found a transporter.
  6674 | D:7      | Noticed a seven-headed hydra
  6675 | D:7      | Noticed Zleub's ghost (novice MfSu)
  6789 | D:7      | Reached skill level 5 in Invocations
  6871 | D:7      | Found an ancient bone altar of Kikubaaqudgha.
  7216 | D:8      | Found a basalt altar of Yredelemnul.
  7276 | D:8      | Found an iron altar of Okawaru.
  7302 | D:8      | Noticed an unseen horror
  7336 | D:8      | Killed an unseen horror
  7336 | D:8      | Reached skill level 9 in Crossbows
  7438 | D:8      | Reached **** piety under Qazlal
  7552 | D:8      | Noticed Gastronok
  7640 | D:8      | Reached XP level 10. HP: 41/86 MP: 14/14
  8208 | D:8      | Mangled by Gastronok

Levels and vault maps discovered:
D:1:      mrwooster_arrival_statue_3, layout_loops_ring
D:2:      layout_basic, marbit_many_paths, serial_bayou_lagoon_a, uniq_natasha
D:3:      layout_rooms
D:4:      layout_basic, minmay_temple_entry_poolview, first_ration,
          serial_bayou, serial_bayou_pond_e, serial_bayou_lake_a,
          serial_bayou_shore_b, serial_bayou_pond_c, serial_shops, shop,
          minmay_mini_ossuary, uniq_edmund, uniq_pikel
D:5:      layout_basic, serial_shops, nicolae_shop_overgrown_old_shop,
          kennysheep_mini, shop, shop_fountains, shop, uniq_menkaure, uniq_ijyb,
          uniq_eustachio
D:6:      layout_basic, basic_altar, cheibrodos_sewer_entry_sluice,
          minmay_misc_feat_plants
D:7:      layout_cave_pods, basic_altar, gammafunk_ghost_arena
D:8:      layout_cave_pods, nicolae_overflow_crystal_walls, basic_altar,
          uniq_gastronok
Temple:   minmay_freezing_vapour_temple

Skill      XL: |  1  2  3  4  5  6  7  8  9 10 |
---------------+-------------------------------+-----
Dodging        | 2 3 4 5 6 |  6.4
Crossbows      | 4 5 6 8 9 |  9.6
Fighting       | 3 5 6 7 |  7.7
Invocations    | 2 4 5 6 |  6.1
Stealth        | |  0.8

Action                   |  1- 3 |  4- 6 |  7- 9 | 10-12 || total
-------------------------+-------+-------+-------+-------++-------
Melee: Short sword       |    16 |   151 |   646 |    33 ||   846
       Tailslap          |       |    18 |   111 |     9 ||   138
 Fire: Hand crossbow     |    23 |    91 |   147 |    39 ||   300
       Arbalest          |       |     8 |       |       ||     8
  Use: Scroll            |       |       |    15 |       ||    15
       Potion            |       |       |       |     2 ||     2
 Stab: Sleeping          |     3 |     2 |       |       ||     5
       Distracted        |     1 |       |       |       ||     1
  Eat: Chunk             |       |     6 |    13 |     1 ||    20
       Ration            |       |       |     1 |       ||     1
Armor: Skin              |     3 |    50 |   246 |    26 ||   325
Dodge: Dodged            |    20 |   140 |   510 |    56 ||   726
       Deflected         |       |       |       |     3 ||     3
Block: Other             |       |       |    93 |    18 ||   111
